 Dungeon Crawl Stone Soup version 0.30.0-10-gfe55d96785 (webtiles) character file.

Game seed: 13599890555080814866

121 browni3141 the Slasher (level 4, -2/30 (37) HPs)
             Began as a Demigod Reaver on May 14, 2023.
             Slain by Grinder (5 damage)
             ... on level 4 of the Dungeon.
             The game lasted 00:03:17 (2457 turns).

browni3141 the Slasher (Demigod Reaver)             Turns: 2457, Time: 00:03:18

HP:   -2/30 (37)    AC:  6    Str: 13    XL:     4   Next: 49%
MP:   18/18         EV: 12    Int: 21    God:
Gold: 189           SH:  0    Dex: 16    Spells: 1/7 levels left

rFire   . . .        h - +0 long sword
rCold   . . .        (no shield)
rNeg    . . .        b - +0 leather armour
rPois   .            (no helmet)
rElec   .            (no cloak)
rCorr   .            k - +2 pair of gloves
SInv    .            (no boots)
Will    .....        (no amulet)
Stlth   ++           e - +6 ring of intelligence
HPRegen 0.25/turn    l - ring of magical power
MPRegen 0.16/turn

%: no passive effects
@: heavily drained
A: high MP 1, forlorn, divine attributes
a: no special abilities


You were on level 4 of the Dungeon.
You visited 1 branch of the dungeon, and saw 4 of its levels.

You collected 189 gold pieces.

Inventory:

Hand Weapons
 a - a +0 falchion
 h - a +0 long sword (weapon)
 j - a +1 dagger of venom
Armour
 b - a +0 leather armour (worn)
 k - a +2 pair of gloves (worn)
 m - a +0 pair of boots
Jewellery
 e - a +6 ring of intelligence (left hand)
 l - a ring of magical power (right hand)
 v - a ring of wizardry
Scrolls
 c - 2 scrolls of magic mapping {unknown}
 d - 5 scrolls of immolation {unknown}
 f - a scroll of blinking {unknown}
 q - a scroll of identify {unknown}
 s - 3 scrolls of teleportation {unknown}
 t - a scroll of amnesia {unknown}
 x - a scroll of vulnerability {unknown}
Potions
 g - 2 potions of might {unknown}
 i - 2 potions of degeneration {unknown}
 n - a potion of ambrosia {unknown}
 o - a potion of mutation {unknown}
 p - a potion of lignification {unknown}
 r - a potion of haste {unknown}
 u - a potion of berserk rage {unknown}
 w - a potion of resistance {unknown}


   Skills:
 + Level 2.5 Fighting
 * Level 3.7 Long Blades
 + Level 2.6 Dodging
 - Level 1.0 Stealth
 - Level 2.0 Spellcasting
 - Level 3.0 Conjurations


You had one spell level left.
You knew the following spells:

 Your Spells              Type           Power      Damage    Failure   Level
h - Hailstorm             Conj/Ice       8%         3d4       30%         3
m - Momentum Strike       Conj/Tloc      16%        3d8       16%         2
K - Kiss of Death         Conj/Necr      32%        2d7       10%         1

Your spell library contained the following spells:

 Spells                   Type           Power      Damage    Failure   Level


Dungeon Overview and Level Annotations

Branches:
Dungeon (4/15)
 Temple: D:4-7

Annotations:
D:4 Grinder


Innate Abilities, Weirdness & Mutations

You have an increased reservoir of magic. (+10% MP)
You shall have no god before yourself.
Your divine heritage dramatically boosts your attributes as you level up.


Message History

You slash the quokka!
You kill the quokka!
You see here a quokka corpse.
You now have 172 gold pieces (gained 15).
Key pressed, stopping explore.
There is an open door here.
Done exploring.
Done exploring.
Done exploring.
Done exploring.
There is an open door here.
There is a stone staircase leading down here.
You climb downwards.
There is a stone staircase leading up here.
An endoplasm comes into view.
An endoplasm is nearby!
The endoplasm quivers.
You see here a scroll labelled AGAEBACA IGHO.
s - 3 scrolls labelled AGAEBACA IGHO (gained 1)
The endoplasm misses you.
You hit the endoplasm.
You kill the endoplasm!
No target in view!
x - a scroll labelled ANOANUM UBYTU You open the door.
There is an open door here.
You open the door.
Found a stone staircase leading down.
As you open the door, it creaks loudly!
Found a stone staircase leading up.
No target in view!
No target in view!
There is a stone staircase leading down here.
No target in view!
There is a stone staircase leading up here.
You climb upwards.
There is a stone staircase leading down here.
You now have 180 gold pieces (gained 8).
Done exploring.
Done exploring.
There is a stone staircase leading down here.
You climb downwards.
There is a stone staircase leading up here.
You open the door.
There is an open door here.
You now have 189 gold pieces (gained 9).
There is an open door here.
A hobgoblin comes into view.
A hobgoblin is nearby!
A hobgoblin is nearby!
A hobgoblin is nearby!
The hobgoblin shouts!
You hear a shout! x3
You slash the hobgoblin!
You kill the hobgoblin!
No target in view!
Grinder comes into view.
Found a stone staircase leading up.
Grinder shouts!
Grinder gestures at you. Pain shoots through your body!
Grinder is nearby!
Grinder is nearby!
Grinder is nearby!
You start resting.
A quokka comes into view.
A hobgoblin comes into view.
Aiming: Kiss of Death (safe; 10% risk of failure)
Press: ? - help, Q - select action, (/) - cycle Shift-Dir - straight line, f - Natasha
Aim: Natasha (100% to hit)
The negative energy hits Natasha.
Natasha is drained!
Natasha is severely wounded.
You feel drained. Natasha claws you.
You slash Natasha!
You kill Natasha!
Natasha growls in agony!
The hobgoblin misses you.
You slash the hobgoblin!
You kill the hobgoblin!
Aiming: Kiss of Death (safe; 10% risk of failure)
Press: ? - help, Q - select action, (/) - cycle Shift-Dir - straight line, f - you
Okay, then.
You closely miss Grinder. Grinder gestures at you.
Pain shoots through your body! The quokka bites you.
You closely miss the quokka. Grinder gestures at you.
Pain shoots through your body!
* * * LOW HITPOINT WARNING * * *
The quokka bites you but does no damage.
You barely miss the quokka.
The quokka bites you but does no damage.
Grinder hits you.
* * * LOW HITPOINT WARNING * * *
You writhe in agony.
* * * LOW HITPOINT WARNING * * *
The quokka closely misses you. Grinder hits you.
* * * LOW HITPOINT WARNING * * *
You writhe in agony.
You die...

.........#.........'...........##
.......#.#.........##########..##
.......+...#.....### #....
.......#.###.###.# #.###
.......#.###+###.# #.# #
#.######.##......### #.### ..
#.##........#.# #.... #
#......5...# ##### ####+#@#.###
#r#.# #'#.# ...5# ...<# .....#
#..... ##.#.#


You could see Grinder and a quokka.

Vanquished Creatures
  Natasha (D:4)
  An adder (D:3)
  An ufetubus (D:3)
  2 worms (D:2)
  5 dart slugs
  3 orcs (D:3)
  A bat (D:3)
  8 endoplasms
  A giant cockroach (D:2)
  11 hobgoblins
  3 quokkas
  4 ball pythons
  3 frilled lizards
  4 goblins
  5 kobolds
  7 rats
60 creatures vanquished.

Notes
Turn   | Place    | Note
-------+----------+-------------------------------------------
     0 | D:1      | browni3141 the Demigod Reaver began the quest for the Orb.
     0 | D:1      | Reached XP level 1. HP: 17/17 MP: 5/5
   332 | D:1      | Reached XP level 2. HP: 20/24 MP: 7/7
   592 | D:1      | You fall into a shaft and drop 1 floor!
   646 | D:2      | Reached skill level 3 in Long Blades
   696 | D:2      | Reached XP level 3. HP: 26/29 MP: 8/8
   799 | D:2      | Reached skill level 3 in Conjurations
  1664 | D:3      | Reached XP level 4. HP: 22/33 MP: 9/9
  1673 | D:3      | Learned a level 2 spell: Momentum Strike
  1677 | D:3      | Learned a level 3 spell: Hailstorm
  2448 | D:4      | Noticed Grinder
  2451 | D:4      | Noticed Natasha
  2453 | D:4      | Killed Natasha
  2457 | D:4      | Slain by Grinder

Illustrated notes

Levels and vault maps discovered:
D:1:      dpeg_arrival_rhombi, layout_loops_ring, minmay_pentomino_z2
D:2:      layout_basic, chequers_serial_rivers_micro_e, minivault_19,
          minmay_misc_feat_four_crosses
D:3:      layout_basic, mainiacjoe_overflow_small_starburst,
          worldfamousw_hep_ancestral_shrine, nicolae_overflow_hidden_temple,
          serial_corexii_hall, corexii_hall_statues_i, corexii_hall_statues_l,
          minmay_vboxes
D:4:      layout_basic, minmay_ruptured, uniq_grinder, uniq_robin, uniq_sigmund,
          uniq_natasha

Skill      XL: |  1  2  3 |
---------------+----------+-----
Fighting       | 2 |  2.5
Dodging        | 2 |  2.6
Spellcasting   | 2 |  2.0
Long Blades    | 3 |  3.7
Conjurations   | 3 |  3.0
Stealth        | 1 |  1.0

Action                     |  1- 3 |  4- 6 || total
---------------------------+-------+-------++-------
  Melee: Falchion          |    44 |       ||    44
         Long sword        |   108 |    32 ||   140
         Punch             |     1 |       ||     1
   Cast: Kiss of Death     |     1 |     1 ||     2
   Stab: Sleeping          |     1 |       ||     1
 Armour: Leather armour    |    38 |    14 ||    52
  Dodge: Dodged            |   110 |    24 ||   134
